 Seeded DCSS version 0.30.1-9-gdf580d7c3d (webtiles) character file.

Game seed: 4823527422771743001 (custom seed)

15831 Psyclone the Nimble (level 12, -1/77 HPs)
             Began as a Deep Elf Air Elementalist on Sept 25, 2023.
             Was an Initiate of Ashenzari.
             Killed from afar by an acid dragon (17 damage)
             ... with a splash of acid
             ... on level 11 of the Dungeon.
             The game lasted 01:04:14 (15882 turns).

Psyclone the Nimble (Deep Elf Air Elementalist)    Turns: 15882, Time: 01:04:15

Health: -1/77      AC:  3    Str:  5    XL:     12   Next: 4%
Magic:  4/28       EV: 17    Int: 26    God:    Ashenzari [......]
Gold:   1247       SH:  5    Dex: 15    Spells: 7/31 levels left

rFire   . . .        a - +9 long sword (flame)
rCold   . . .        (no shield)
rNeg    . . .        O - +0 steam dragon scales
rPois   .            D - +0 helmet
rElec   .            B - +0 cloak
rCorr   .            (no gloves)
SInv    +            (no boots)
Will    +....        P - amulet of reflection
Stlth   ++           d - ring "Omniscient Relativism" {Wiz, Self, Elem} (curse)
HPRegen 0.32/turn    h - ring of see invisible
MPRegen 0.21/turn

%: reflection, wizardry (x1)
@: corroded
A: no striking features
a: Renounce Religion, Curse Item, Shatter the Chains


You were on level 11 of the Dungeon.
You worshipped Ashenzari.
Ashenzari was noncommittal.
You visited 1 branch of the dungeon, and saw 11 of its levels.
You also visited: Sewer and Bailey.

You collected 2001 gold pieces.
You spent 754 gold pieces at shops.

Inventory:

Hand Weapons
 a - a +9 long sword of flaming (weapon)
Missiles
 k - 4 throwing nets {!f}
Armour
 B - a +0 cloak (worn)
 D - a +0 helmet (worn)
 O - +0 steam dragon scales (worn)
Jewellery
 b - a ring of protection from fire
 d - the cursed ring "Omniscient Relativism" (left hand) {Wiz, Self, Elem}
   (You found it on level 1 of the Dungeon)

   [ring of wizardry]

   It improves your spell success rate.
   It has a curse which improves the following skills: Introspection: Fighting
   and Spellcasting.
   Elements:  Fire Magic, Ice Magic, Air Magic and Earth Magic.
 h - a ring of see invisible (right hand)
 I - an amulet of magic regeneration
 K - a ring of positive energy
 P - an amulet of reflection (around neck)
 Q - a ring of magical power
Wands
 y - a wand of flame (64)
 F - a wand of acid (10)
 L - a wand of roots (24)
Scrolls
 f - 8 scrolls of identify {@r1}
 g - 10 scrolls of teleportation {unknown}
 i - 2 scrolls of enchant armour {unknown}
 j - 3 scrolls of enchant weapon
 m - 3 scrolls of noise {unknown}
 n - 2 scrolls of immolation {unknown}
 o - 4 scrolls of amnesia {unknown}
 q - 4 scrolls of fear {unknown}
 r - 2 scrolls of blinking
 w - 4 scrolls of vulnerability {unknown}
 x - a scroll of butterflies {unknown}
 H - 2 scrolls of poison
 M - 2 scrolls of brand weapon
 N - a scroll of silence {!r}
 R - a scroll of torment
Potions
 c - 2 potions of cancellation
 e - 3 potions of curing
 l - 4 potions of resistance {unknown}
 p - 2 potions of attraction {unknown}
 s - 4 potions of haste {unknown}
 t - 2 potions of brilliance
 u - 3 potions of heal wounds {unknown}
 v - 4 potions of berserk rage
 z - a potion of mutation {unknown}
 A - a potion of flight
 C - a potion of might {unknown}
 E - a potion of ambrosia {unknown}
 G - a potion of degeneration {unknown}
 J - a potion of lignification


   Skills:
 - Level 9.6(10.0) Fighting
 - Level 10.0 Dodging
 - Level 2.4 Stealth
 - Level 9.6(10.0) Spellcasting
 * Level 9.6 Conjurations
 + Level 9.3(9.7) Air Magic


You had 7 spell levels left.
You knew the following spells:

 Your Spells              Type           Power      Damage    Failure   Level
a - Shock                 Conj/Air       100%       1d9       1%          1
b - Static Discharge      Conj/Air       100%       2-7/arc   1%          2
c - Airstrike             Air            29%        2d(5-21)  1%          4
d - Arcjolt               Conj/Air       29%        1d39      1%          5
e - Summon Lightning Spi  Summ/Air       38%        N/A       2%          4
r - Swiftness             Air            59%        N/A       1%          3
x - Irradiate             Conj/Tmut      19%        3d18      7%          5

Your spell library contained the following spells:

 Spells                   Type           Power      Damage    Failure   Level
 Apportation              Tloc           26%        N/A       1%          1
 Summon Small Mammal      Summ           52%        N/A       1%          1
 Vhi's Electric Charge    Tloc/Air       76%        N/A       1%          3
 Sublimation of Blood     Necr           13%        N/A       2%          2
 Call Canine Familiar     Summ           13%        N/A       6%          3
 Summon Guardian Golem    Hex/Summ       13%        N/A       6%          3
 Petrify                  Tmut/Erth      13%        N/A       17%         4
 Plasma Beam              Fire/Air       19%        2x1d33    34%         6
 Alistair's Intoxication  Tmut/Pois      8%         N/A       43%         5
 Maxwell's Capacitive Co  Air            29%        ∞         89%         8


Dungeon Overview and Level Annotations

Branches:
Dungeon (11/15) Zot: 26986  Temple (0/1) D:7            Lair (0/5) D:8
  Sewer (visited)          Bailey (visited)
    Orc: D:9-12

Altars:
Ashenzari
Dithmenos
Gozag
Hepliaklqana
Nemelex Xobeh
Qazlal
Sif Muna
Vehumet
Yredelemnul
Zin
The Shining One

Shops:
D:2 :?*   D:3 (   D:5 [   D:9 :   D:10 *


Message History

The troll blinks!
You have reached level 12!
You feel clever.
You regained 4 hp, and now have 55/77 hp.
You now have 12/28 mp.
You see here a potion of magic.
Casting: Arcjolt (dangerous; 1% risk of failure)
Confirm with . or Enter, or press ? or * to list all spells.
Electricity surges outward!
The troll is struck by an electric surge!!
You kill the troll!
You now have 8/28 mp.
The acid dragon spits acid at you. The splash of acid hits you!!
The acid corrodes you!
You take 25 damage, and have 31/77 hp.
MASSIVE DAMAGE!!
You see here 21 gold pieces.
The acid dragon barely misses you. You block the acid dragon's attack.
Casting: Arcjolt (dangerous; 1% risk of failure)
Confirm with . or Enter, or press ? or * to list all spells.
Electricity surges outward!
The acid dragon is struck by an electric surge!
The acid dragon is heavily wounded.
The acid dragon bites you!
* * * LOW HITPOINT WARNING * * *
The acid dragon closely misses you.
You take 13 damage, and have 19/77 hp.
You now have 4/28 mp.
Casting: Arcjolt (dangerous; 1% risk of failure)
Confirm with . or Enter, or press ? or * to list all spells.
You don't have enough magic to cast this spell.
You barely miss the acid dragon.
The acid dragon is heavily wounded.
The acid dragon bites you.
* * * LOW HITPOINT WARNING * * *
The acid dragon claws you.
* * * LOW HITPOINT WARNING * * *
You take 4 damage, and have 15/77 hp.
You barely miss the acid dragon.
The acid dragon is heavily wounded.
The acid dragon spits acid at you. The splash of acid hits you!
You die...

≈≈≈≈≈≈≈≈≈≈≈≈≈≈≈≈≈
≈≈≈≈≈≈≈≈≈≈≈≈≈≈≈≈≈≈≈
≈≈≈≈≈≈≈≈≈≈≈≈≈≈≈≈≈≈≈
≈≈≈≈≈≈≈≈≈≈≈≈≈≈≈≈≈≈≈
≈≈≈≈≈≈≈≈≈≈≈≈≈≈≈≈≈≈≈
≈≈≈≈≈≈≈≈≈≈≈≈≈≈≈≈≈≈≈
≈~#################
≈~......<^.........
≈~....D@.$.!.......
≈~.............?...
≈≈#################
≈≈≈≈≈≈≈≈≈≈≈≈≈≈≈≈≈≈≈
≈≈≈≈≈≈≈≈≈≈≈≈≈≈≈≈≈≈≈
≈≈≈≈≈≈≈≈≈≈≈≈≈≈≈≈≈≈≈
≈≈≈≈≈≈≈≈≈≈≈≈≈≈≈≈≈≈≈
≈≈≈≈≈≈≈≈≈≈≈≈≈≈≈≈≈≈≈


You could see an acid dragon (catching breath).

Vanquished Creatures
  Erolcha (D:9)
  2 vault guards (Bailey)
  4 two-headed ogres
  An ugly thing (D:8)
  An ice statue (D:9)
  A kobold demonologist (D:10)
  4 ice devils (D:9)
  2 trolls
  Prince Ribbit (Bailey)
  A wyvern (D:10)
  A wraith (D:10)
  6 yaks (D:9)
  A vampire (D:10)
  5 humans (Bailey)
  3 steam dragons
  An acid dragon (D:10)
  A water moccasin (D:5)
  5 orc warriors
  A sky beast (D:7)
  2 ice beasts
  A black bear (D:6)
  3 ogres
  2 wolves (D:8)
  4 centaurs
  5 kobold brigands
  A gnoll sergeant (D:10)
  9 bullfrogs
  2 scorpions
  15 wights
  3 killer bees (D:9)
  9 electric eels
  2 howler monkeys
  7 hounds
  8 orc priests
  5 jellies
  A sleepcap (D:5)
  A gnoll bouda (D:7)
  5 iguanas
  Ijyb (D:5)
  5 orc wizards
  Robin (D:3)
  24 gnolls
  22 adders
  7 river rats
  3 white imps
  7 ufetubi
  3 worms (D:3)
  4 dart slugs
  57 orcs
  11 endoplasms
  7 giant cockroaches
  14 hobgoblins
  4 jackals (D:2)
  4 quokkas
  18 ball pythons
  8 bats
  4 frilled lizards (D:1)
  26 goblins
  32 kobolds
  29 rats
418 creatures vanquished.

Vanquished Creatures (collateral kills)
  3 ice devils (D:9)
  3 wights (D:9)
6 creatures vanquished.

Vanquished Creatures (others)
  An orc wizard (D:3)
  An orc (D:9)
2 creatures vanquished.

Grand Total: 426 creatures vanquished

Notes
Turn   | Place    | Note
-------+----------+-------------------------------------------
     0 | D:1      | Psyclone the Deep Elf Air Elementalist began the quest for
                  | the Orb.
     0 | D:1      | Reached XP level 1. HP: 10/10 MP: 6/6
   189 | D:1      | Reached XP level 2. HP: 15/15 MP: 4/8
   717 | D:1      | Reached XP level 3. HP: 19/19 MP: 6/9
  1272 | D:2      | Found Ujaseina's Book Boutique.
  1378 | D:2      | Reached XP level 4. HP: 24/24 MP: 1/10
  1507 | D:2      | Found Raurchekh's General Store.
  1795 | D:2      | Found Sepir's Magic Scroll Shoppe.
  1833 | D:2      | Found a shadowy altar of Dithmenos.
  2193 | D:3      | Found Vucadut's Weapon Shop.
  2412 | D:3      | Reached XP level 5. HP: 13/28 MP: 5/12
  2441 | D:3      | Found a broken altar of Ashenzari.
  2482 | D:3      | Became a worshipper of Ashenzari the Shackled
  2486 | D:3      | Identified a scroll of acquirement
  2486 | D:3      | Acquired 1246 gold pieces
  2541 | D:3      | Learned a level 2 spell: Static Discharge
  2545 | D:3      | Learned a level 3 spell: Swiftness
  2550 | D:3      | Learned a level 4 spell: Airstrike
  2554 | D:3      | Found a glowing drain.
  2621 | Sewer    | Entered a sewer
  2962 | Sewer    | Reached skill level 5 in Air Magic
  3181 | Sewer    | Reached XP level 6. HP: 32/32 MP: 7/14
  4154 | D:3      | Found a basalt altar of Yredelemnul.
  4154 | D:3      | Noticed Robin
  4165 | D:3      | Reached XP level 7. HP: 36/36 MP: 10/15
  4184 | D:3      | Killed Robin
  4917 | D:4      | Reached skill level 5 in Spellcasting
  5271 | D:4      | Found a hazy altar of Hepliaklqana.
  5271 | D:4      | Found a shimmering blue altar of Sif Muna.
  5314 | D:4      | Reached skill level 5 in Conjurations
  5883 | D:4      | Reached XP level 8. HP: 14/41 MP: 14/19
  6358 | D:5      | Entered Level 5 of the Dungeon
  6369 | D:5      | Noticed Ijyb
  6372 | D:5      | Killed Ijyb
  6647 | D:5      | Found an opulent altar of Gozag.
  6906 | D:5      | Found Poutzen's Armour Shoppe.
  7357 | D:5      | Reached skill level 1 in Fighting
  7357 | D:5      | Reached skill level 3 in Dodging
  7867 | D:6      | Reached skill level 4 in Dodging
  8127 | D:6      | Reached XP level 9. HP: 39/49 MP: 10/22
  8430 | D:6      | Reached skill level 5 in Dodging
  8930 | D:7      | Found a staircase to the Ecumenical Temple.
  9009 | D:7      | Reached skill level 6 in Dodging
  9224 | D:7      | Found a large runed translucent door.
  9227 | D:7      | Found a large runed translucent door.
  9500 | D:7      | Reached skill level 7 in Dodging
 10008 | D:7      | Found a glowing golden altar of the Shining One.
 10052 | D:7      | Found a sparkling altar of Nemelex Xobeh.
 10344 | D:8      | Noticed a troll
 10346 | D:8      | Killed a troll
 10347 | D:8      | Reached skill level 5 in Fighting
 10361 | D:8      | Reached skill level 8 in Dodging
 10363 | D:8      | Noticed a white ugly thing
 10555 | D:8      | Reached XP level 10. HP: 23/59 MP: 11/24
 10643 | D:8      | Killed a white ugly thing
 10649 | D:8      | Reached skill level 9 in Dodging
 10694 | D:8      | Learned a level 5 spell: Arcjolt
 10882 | D:8      | Noticed a two-headed ogre
 10909 | D:8      | Killed a two-headed ogre
 11055 | D:8      | Found a staircase to the Lair.
 11094 | D:8      | Found a glowing silver altar of Zin.
 11412 | D:9      | Reached skill level 10 in Dodging
 11577 | D:9      | Found a flagged portal.
 11592 | D:9      | Noticed Erolcha
 11615 | Bailey   | Entered a bailey
 11911 | Bailey   | Noticed a vault guard
 11915 | Bailey   | Killed a vault guard
 12069 | Bailey   | Noticed a vault guard
 12069 | Bailey   | Noticed Prince Ribbit
 12074 | Bailey   | Killed Prince Ribbit
 12075 | Bailey   | Reached XP level 11. HP: 58/71 MP: 8/25
 12084 | Bailey   | Killed a vault guard
 12380 | D:9      | Killed Erolcha
 13417 | D:9      | Found Fegurh Yzea's Book Boutique.
 13445 | D:9      | Bought a book of Storms for 312 gold pieces
 13450 | D:9      | Learned a level 4 spell: Summon Lightning Spire
 13640 | D:2      | Bought a book of Lightning for 442 gold pieces
 14645 | D:10     | Entered Level 10 of the Dungeon
 14645 | D:10     | Noticed a two-headed ogre
 14649 | D:10     | Killed a two-headed ogre
 14993 | D:10     | Learned a level 5 spell: Irradiate
 15060 | D:10     | Found a shadowy altar of Dithmenos.
 15060 | D:10     | Found a radiant altar of Vehumet.
 15060 | D:10     | Found a stormy altar of Qazlal.
 15129 | D:10     | Noticed a soul eater
 15192 | D:10     | Found Paasauh's General Store.
 15667 | D:10     | Noticed a two-headed ogre
 15670 | D:10     | Killed a two-headed ogre
 15870 | D:11     | Noticed a two-headed ogre
 15873 | D:11     | Killed a two-headed ogre
 15874 | D:11     | Reached XP level 12. HP: 55/77 MP: 12/28
 15882 | D:11     | Killed from afar by an acid dragon

Illustrated notes

Levels and vault maps discovered:
D:1:      dpeg_arrival_radiant, layout_loops_ring, minmay_octomino_j4
D:2:      layout_basic, serial_shops, shop, nicolae_shop_rolled_up, shop,
          basic_altar, amcnicky_mini_rare_corridor_liquid
D:3:      layout_basic, lemuel_tele_altar, ashenzari_conservatory_becter,
          lightli_sewer_entry_pipes, serial_shops, nicolae_shop_trees,
          uniq_robin
D:4:      corexii_shantytown, layout_cave_pools, gammafunk_temple_overflow_wave,
          guppyfry_early_orc_mine
D:5:      layout_basic, nicolae_gozag_seed_capital, serial_shops,
          nicolae_shop_hallway_stairs,
          hangedman_abyss_or_decor_jellyfish_corner, uniq_ijyb
D:6:      layout_loops_ring, grunt_ministairs_2
D:7:      kennysheep_spiral_hall, layout_loops_corners, jmf_multi_god_temple2,
          minmay_temple_entry_glass, kennysheep_cross_bottleneck
D:8:      layout_loops_cross, zin_statuary, erik_lair_island,
          hangedman_decor_riveting, chequers_serial_rivers_micro_c, st_stairs_11
D:9:      cheibrodos_frozen_isle, layout_basic, serial_shops, shop_statue,
          enter_bailey_3, uniq_erolcha
D:10:     layout_roguey [special_room_orc], gammafunk_temple_overflow_claw,
          serial_shops, shop, nzn_life_drinkers
D:11:     layout_cross, gauntlet_entry_generic

Skill      XL: |  1  2  3  4  5  6  7  8  9 10 11 |
---------------+----------------------------------+-----
Air Magic      | 4 5 6 7 8 9 |  9.3
Conjurations   | 3 4 5 6 9 |  9.6
Spellcasting   | 4 6 7 8 9 |  9.6
Fighting       | 2 5 8 9 |  9.6
Dodging        | 4 8 10 | 10.0
Stealth        | |  2.4

Action                     |  1- 3 |  4- 6 |  7- 9 | 10-12 || total
---------------------------+-------+-------+-------+-------++-------
  Melee: Long sword        |     3 |     8 |    19 |    61 ||    91
         Unarmed           |     3 |       |       |       ||     3
         Punch             |       |       |       |     1 ||     1
   Cast: Shock             |    72 |   138 |   252 |    46 ||   508
         Airstrike         |       |     3 |    56 |    77 ||   136
         Static Discharge  |       |     6 |    49 |    10 ||    65
         Swiftness         |       |     2 |       |       ||     2
         Arcjolt           |       |       |       |    47 ||    47
         Summon Lightning  |       |       |       |     5 ||     5
 Invoke: Curse Item        |       |       |       |     1 ||     1
  Evoke: Wand              |       |       |       |     5 ||     5
    Use: Scroll            |       |     2 |    10 |     4 ||    16
         Potion            |       |       |     2 |     2 ||     4
   Stab: Distracted        |       |       |       |     1 ||     1
         Sleeping          |       |       |       |     1 ||     1
 Armour: Robe              |     1 |     2 |    21 |       ||    24
         Steam dragon scal |       |       |       |    20 ||    20
  Dodge: Dodged            |    21 |    23 |    63 |    87 ||   194
  Block: Other             |       |       |       |    23 ||    23
         Reflection        |       |       |       |     1 ||     1
